 Dungeon Crawl Stone Soup version 0.31.0-11-ge490571c62 (webtiles) character file.

Game seed: 6268967738844010346

25 Arvy the Covered (level 2, -2/26 HPs)
             Began as an Armataur Fighter on Feb 9, 2024.
             Killed from afar by a dart slug (3 damage)
             ... with a slug dart
             ... on level 2 of the Dungeon.
             The game lasted 00:04:27 (896 turns).

Arvy the Covered (Armataur Fighter)                  Turns: 896, Time: 00:04:31

Health: -2/26      AC:  8    Str: 21    XL:     2   Next: 86%
Magic:  2/2        EV:  7    Int:  8    God:
Gold:   13         SH:  4    Dex:  9    Spells: 1/1 levels left

rFire   . . .        a - +0 war axe
rCold   . . .        c - +0 buckler
rNeg    . . .        b - +0 scale mail
rPois   .            f - +0 helmet
rElec   .            (no cloak)
rCorr   .            (no gloves)
SInv    .            (no barding)
Will    .....        (no amulet) Stlth
                     (no ring)
HPRegen 0.24/turn    (no ring)
MPRegen 0.41/turn

%: roll
@: mighty
A: large, deformed body, tough skin 3, armoured tail, roll 1
a: no special abilities


You were on level 2 of the Dungeon.
You visited 1 branch of the dungeon, and saw 2 of its levels.

You collected 13 gold pieces.

Inventory:

Hand Weapons
 a - a +0 war axe (weapon)
Armour
 b - a +0 scale mail (worn)
 c - a +0 buckler (worn)
 f - a +0 helmet (worn)
Scrolls
 h - a scroll of identify {unknown}
 i - a scroll of teleportation {unknown}
 j - a scroll of poison {unknown}
Potions
 e - a potion of haste {unknown}
 g - 2 potions of ambrosia {unknown}


   Skills:
 + Level 3.1 Fighting
 + Level 2.1 Axes
 + Level 3.9 Armour
 + Level 3.4 Shields


You had one spell level left.
You didn't know any spells.
Your spell library was empty.

Dungeon Overview and Level Annotations

Branches:
Dungeon (2/15)

Altars:

Shops:
D:1 ?


Innate Abilities, Weirdness & Mutations

Armour fits poorly on your strangely shaped body.
You have extremely tough skin. (AC +3)
You have a long armoured tail.
You regenerate magic when rolling toward enemies. (Rampage MPRegen)


Message History

The gnoll shouts! x2
Sorry, you're not good enough to have a special ability.
You feel very mighty all of a sudden. The gnoll hits you with a +0 club!
The gnoll closely misses you.
You slash the gnoll!
The gnoll is almost dead.
The gnoll hits you with a +0 club.
The gnoll hits you from afar with a +0 spear!
* * * LOW HITPOINT WARNING * * *
An endoplasm comes into view.
You closely miss the gnoll.
Your tail-slap misses the gnoll.
The gnoll is almost dead.
You block the gnoll's attack. x2; The gnoll completely misses you.
The gnoll hits you but does no damage.
You hit the gnoll.
You kill the gnoll!
The gnoll hits you from afar with a +0 spear.
* * * LOW HITPOINT WARNING * * *
Your Axes skill increases to level 2!
You roll towards the gnoll!
A dart slug and a kobold come into view.
You slash the gnoll!
Your tail-slap misses the gnoll.
The gnoll is severely wounded.
You hit the gnoll. The gnoll hits you but does no damage.
The gnoll hits you with a +0 club.
* * * LOW HITPOINT WARNING * * *
An endoplasm comes into view.
You barely miss the gnoll.
The gnoll is severely wounded.
The endoplasm quivers.
You slash the gnoll!
You kill the gnoll!
You slash the endoplasm!
You kill the endoplasm!
The gnoll hits you with a +0 club.
* * * LOW HITPOINT WARNING * * *
The gnoll barely misses you. The dart slug launches a dart at you.
The slug dart hits you.
You die...

#.# ##.#.#
...#.#
..#.#
..#.#
####J#.#
###....#.#
......K#.#
......g@.#
.......###
##.###. #.
#w #. ..
..


You could see a gnoll, a dart slug, an endoplasm and a kobold.

Vanquished Creatures
  2 gnolls (D:2)
  A bat (D:1)
  2 endoplasms
  2 goblins (D:1)
  A hobgoblin (D:1)
  3 jackals (D:2)
  5 ball pythons
  A rat (D:1)
17 creatures vanquished.

Notes
Turn   | Place    | Note
-------+----------+-------------------------------------------
     0 | D:1      | Arvy the Armataur Fighter began the quest for the Orb.
     0 | D:1      | Reached XP level 1. HP: 18/18 MP: 1/1
   139 | D:1      | Found Duuwo's Magic Scroll Shoppe.
   323 | D:1      | Reached XP level 2. HP: 25/25 MP: 2/2
   333 | D:1      | Found a faded altar of an unknown god.
   896 | D:2      | HP: 1/26 [gnoll/+0 club (3)]
   896 | D:2      | Killed from afar by a dart slug

Illustrated notes

Levels and vault maps discovered:
D:1:      scummos_arrival_star, layout_loops_ring, serial_shops,
          nicolae_shop_behind_doors, shapermc_ecumenical_altar_mp_highgroup,
          serial_glass, glass_columns_a, glass_columns_c
D:2:      minmay_recursive_quarters, layout_basic

Skill      XL: |  1  2 |
---------------+-------+-----
Fighting       | 3 |  3.1
Axes           | 2 |  2.1
Armour         | |  3.9
Shields        | |  3.4

Action                     || total
---------------------------++-------
  Melee: War axe           ||    35
         Tailslap          ||     6
    Use: Potion            ||     1
 Armour: Scale mail        ||    42
  Dodge: Dodged            ||    15
  Block: Buckler           ||    11
         Form:             ||     1
         Flux              ||     1
